 Dungeon Crawl Stone Soup version 0.31.0-11-ge490571c62 (webtiles) character file.

Game seed: 12974449070498492092

1116 qw the Skirmisher (level 8, -2/46 HPs)
             Began as a Deep Elf Hunter on Feb 4, 2024.
             Slain by an ogre
             ... wielding a +0 giant club
              (21 damage)
             ... on level 5 of the Dungeon.
             The game lasted 00:00:20 (4276 turns).

qw the Skirmisher (Deep Elf Hunter)                 Turns: 4276, Time: 00:00:21

Health: -2/46      AC: 11    Str: 10    XL:     8   Next: 12%
Magic:  10/10      EV: 12    Int: 15    God:
Gold:   141        SH:  0    Dex: 18    Spells: 7/7 levels left

rFire   . . .        a - +0 shortbow
rCold   . . .        (shield currently unavailable)
rNeg    . . .        g - +0 ring mail
rPois   .            r - +1 helmet
rElec   .            e - +0 cloak
rCorr   .            (no gloves)
SInv    +            q - +2 pair of boots
Will    .....        (no amulet)
Stlth   +            i - ring of see invisible
HPRegen 0.27/turn    (no ring)
MPRegen 0.12/turn

%: no passive effects
@: no status effects
A: no striking features
a: no special abilities


You were on level 5 of the Dungeon.
You visited 1 branch of the dungeon, and saw 5 of its levels.
You also visited: Sewer.

You collected 141 gold pieces.


   Skills:
 - Level 3.3 Fighting
 + Level 12.0 Ranged Weapons
 - Level 1.0 Armour
 - Level 4.0 Dodging
 - Level 1.2 Stealth


You had 7 spell levels left.
You didn't know any spells.
Your spell library was empty.

Inventory:

Hand Weapons
 a - a +0 shortbow (weapon)
Armour
 e - a +0 cloak (worn)
 g - a +0 ring mail (worn)
 q - a +2 pair of boots (worn)
 r - a +1 helmet (worn)
Jewellery
 i - a ring of see invisible (left hand)
Scrolls
 d - 3 scrolls of teleportation
Potions
 b - a potion of curing
 c - a potion of degeneration {unknown}
 h - a potion of enlightenment
 k - a potion of might
 m - a potion of resistance
 p - a potion of lignification {unknown}

Dungeon Overview and Level Annotations

Branches:
Dungeon (5/15)              Sewer (visited)
 Temple: D:4-7

Altars:

Annotations:
D:5 1 transporter, qw's ghost, novice DEHu


Message History

Items here: % ))).
Found 6 stones.
There is a stone staircase leading down here.
Found a robe.
Qw's ghost turns its malevolent gaze towards you.
An ogre comes into view. It is wielding a +0 giant club.
Enter note:
Enter note:
Enter note: You shoot an arrow.
The arrow hits the ogre.
The ogre is lightly wounded.
You shoot an arrow. The arrow hits the ogre.
The ogre is lightly wounded.
You shoot an arrow. The arrow completely misses the ogre.
You shoot an arrow. The arrow hits the ogre!
The ogre is moderately wounded.
The ogre hits you with a +0 giant club!!
Ouch! That really hurt!
You shoot an arrow. The arrow barely misses the ogre.
You shoot an arrow.
The arrow hits the ogre but does no damage.
The ogre is moderately wounded.
The ogre misses you.
You shoot an arrow.
The arrow hits the ogre but does no damage.
The ogre is moderately wounded.
You shoot an arrow. The arrow hits the ogre.
The ogre is heavily wounded.
The ogre hits you but does no damage.
You shoot an arrow. The arrow hits the ogre!
The ogre is severely wounded.
The ogre barely misses you.
You shoot an arrow. The arrow barely misses the ogre.
You shoot an arrow. The arrow hits the ogre.
The ogre is almost dead.
The ogre hits you with a +0 giant club.
You shoot an arrow. The arrow hits the ogre.
The ogre is almost dead.
The ogre hits you with a +0 giant club!!
You die...

#......# #...
####.### ###. #.#
###. #.#######...
#.#.......#.
#.#......... #######
#.#.##......
.......####
#.#.........
#....@..#
#......#..#.
....##O##.#
###......... . #.
#.##########.... #.
#......# ####. ..
######.# ##. ## #.#
#.. #.# #..
###########.## #..
.............######..


You could see an ogre.

Vanquished Creatures
  A water moccasin (D:4)
  2 ogres (D:5)
  2 phantoms
  A scorpion (D:5)
  4 jellies
  2 orc priests
  3 hounds
  A sleepcap (D:5)
  Natasha (D:3)
  2 orc wizards
  3 gnolls (D:5)
  10 adders
  A white imp (D:4)
  5 ribbon worms
  A dart slug (D:2)
  16 orcs
  5 ball pythons (Sewer)
  7 bats
  8 endoplasms
  13 giant cockroaches
  9 hobgoblins
  8 jackals (D:1)
  4 kobolds
  5 quokkas
  3 frilled lizards (Sewer)
  7 goblins
  3 rats (Sewer)
127 creatures vanquished.

Notes
Turn   | Place    | Note
-------+----------+-------------------------------------------
     0 | D:1      | qw the Deep Elf Hunter began the quest for the Orb.
     0 | D:1      | Reached XP level 1. HP: 12/12 MP: 3/3
     0 | D:1      | 0 ||| qw: Version: 0.3-a-160-g6735b56
     0 | D:1      | 0 ||| qw: Game counter: 4973
     0 | D:1      | 0 ||| qw: Melee chars always use a shield: true
     0 | D:1      | 0 ||| qw: God list: Okawaru
     0 | D:1      | 0 ||| qw: Allow faded altars: false
     0 | D:1      | 0 ||| qw: Do Orc after clearing Dungeon:15 true
     0 | D:1      | 0 ||| qw: Do second Lair branch before Depths: true
     0 | D:1      | 0 ||| qw: Lair rune preference: random
     0 | D:1      | 0 ||| qw: Goals: Normal
     0 | D:1      | 0 ||| PLANNING D:1-11
    68 | D:1      | Reached XP level 2. HP: 16/16 MP: 4/4
    70 | D:1      | Reached skill level 6 in Ranged Weapons
   976 | D:1      | Reached XP level 3. HP: 20/20 MP: 5/5
  1077 | D:1      | 1077 ||| UPGRADING to +0 ring mail.
  1087 | D:1      | 1087 ||| DROPPING +0 leather armour.
  1088 | D:1      | 1088 ||| UPGRADING to +0 pair of boots.
  1093 | D:1      | 1093 ||| UPGRADING to ring of see invisible.
  1094 | D:1      | 1094 ||| READING scroll labelled WYDESO PINO.
  1095 | D:1      | 1095 ||| READING 3 scrolls labelled UFAPNO FEFRAHU.
  1096 | D:1      | 1096 ||| DROPPING scroll of butterflies.
  1097 | D:1      | 1097 ||| DROPPING 2 scrolls of revelation.
  1161 | D:2      | You fall into a shaft and drop 1 floor!
  1169 | D:3      | 1169 ||| PLANNING SEWER
  1174 | D:3      | Reached skill level 7 in Ranged Weapons
  1249 | D:3      | Found a glowing drain.
  1251 | D:3      | 1251 ||| READING scroll labelled AROYWE ARIAPTA.
  1312 | D:3      | Found a faded altar of an unknown god.
  1414 | D:3      | Reached XP level 4. HP: 15/25 MP: 6/6
  1466 | D:3      | 1466 ||| DRINKING 2 bubbling pink potions.
  1472 | D:3      | Reached skill level 8 in Ranged Weapons
  1653 | D:3      | 1653 ||| UPGRADING to +0 cloak.
  1658 | D:3      | 1658 ||| READING scroll labelled NAIZXE APRI.
  1658 | D:3      | 1658 ||| IDENTIFYING viscous dark potion
  1659 | D:3      | 1659 ||| DRINKING 2 lumpy cyan potions.
  1742 | Sewer    | Entered a sewer
  1819 | Sewer    | Reached XP level 5. HP: 19/29 MP: 7/7
  1901 | Sewer    | Reached skill level 9 in Ranged Weapons
  1988 | Sewer    | Reached skill level 1 in Armour
  1992 | Sewer    | Found a viscous altar of Jiyva.
  2037 | Sewer    | 2037 ||| READING scroll of identify.
  2037 | Sewer    | 2037 ||| IDENTIFYING blue potion
  2038 | Sewer    | 2038 ||| READING scroll labelled QADARUM XECWU.
  2048 | D:3      | 2048 ||| PLANNING D:1-11
  2089 | D:2      | Reached XP level 6. HP: 35/35 MP: 8/8
  2553 | D:2      | 2553 ||| UPGRADING to +2 pair of boots.
  2563 | D:2      | 2563 ||| DROPPING +0 pair of boots.
  2564 | D:2      | 2564 ||| UPGRADING to +0 helmet.
  2569 | D:2      | 2569 ||| READING scroll of identify.
  2569 | D:2      | 2569 ||| IDENTIFYING bubbling clear potion
  2570 | D:2      | 2570 ||| READING scroll labelled FOQYULECOC.
  2570 | D:2      | 2570 ||| ENCHANTING +0 helmet.
  2571 | D:2      | 2571 ||| DRINKING 2 sedimented amethyst potions.
  2572 | D:2      | 2572 ||| DROPPING potion of invisibility.
  2739 | D:3      | Noticed Natasha
  2742 | D:3      | 2742 ||| DRINKING 2 potions of haste.
  2746 | D:3      | Killed Natasha
  2935 | D:3      | 2935 ||| DROPPING ring of flight.
  3046 | D:4      | Reached skill level 10 in Ranged Weapons
  3216 | D:4      | Reached skill level 3 in Dodging
  3505 | D:4      | 3505 ||| READING scroll of identify.
  3505 | D:4      | 3505 ||| IDENTIFYING glowing cyan potion
  3527 | D:5      | Entered Level 5 of the Dungeon
  3527 | D:5      | Noticed a water moccasin
  3528 | D:5      | 3528 ||| STAIRDANCE
  3541 | D:5      | 3541 ||| STAIRDANCE
  3543 | D:4      | 3543 ||| DRINKING potion of haste.
  3553 | D:4      | HP: 8/35 [poisoned by a water moccasin]
  3554 | D:4      | 3554 ||| READING 3 scrolls of teleportation.
  3555 | D:4      | 3555 ||| DRINKING potion of heal wounds.
  3592 | D:4      | Reached XP level 7. HP: 37/40 MP: 9/9
  3600 | D:4      | Reached skill level 11 in Ranged Weapons
  3616 | D:5      | 3616 ||| STAIRDANCE
  3764 | D:5      | Reached skill level 12 in Ranged Weapons
  3952 | D:5      | Reached skill level 3 in Fighting
  3952 | D:5      | Reached XP level 8. HP: 46/46 MP: 10/10
  4025 | D:5      | Found a transporter.
  4236 | D:5      | Noticed qw's ghost (novice DEHu)
  4276 | D:5      | Slain by an ogre

Levels and vault maps discovered:
D:1:      dpeg_arrival_tiny_b, layout_basic, minmay_liquid_box,
          chequers_serial_rivers_large_b
D:2:      layout_rooms, serial_glass, glass_columns_a, glass_columns_a,
          glass_columns_a, glass_columns_a, glass_columns_b, glass_columns_b,
          minmay_strange_pillars, item_on_display_a, guppyfry_early_orc_mine
D:3:      layout_basic, gup_sewer_entry_pipe, hellmonk_ecumenical_altar_blasted,
          uniq_natasha
D:4:      layout_cave_pools
D:5:      layout_loops_cross, gammafunk_ghost_mausoleum

Skill      XL: |  1  2  3  4  5  6  7  8 |
---------------+-------------------------+-----
Ranged Weapons | 6 7 8 9 10 12 | 12.0
Fighting       | 2 3 |  3.3
Armour         | 1 |  1.0
Dodging        | 3 4 |  4.0
Stealth        | |  1.2

Action                     |  1- 3 |  4- 6 |  7- 9 || total
---------------------------+-------+-------+-------++-------
   Fire: Shortbow          |    89 |   278 |    91 ||   458
    Use: Scroll            |     3 |     7 |       ||    10
         Potion            |       |     6 |       ||     6
 Armour: Leather armour    |     6 |       |       ||     6
         Ring mail         |     3 |    98 |    30 ||   131
  Dodge: Dodged            |     8 |    94 |    18 ||   120

Table legend:
 A = Non-vault XP
 B = Vault XP
 C = Vault XP percentage of total XP
 D = Non-vault monster count
 E = Vault monster count
 F = Vault count percentage of total count
                 A         B        C        D         E       F
            +---------+---------+-------+---------+---------+-------
      Total |    1332 |     263 |  16.5 |      89 |      38 |  29.9
            +---------+---------+-------+---------+---------+-------
        D:1 |      46 |       0 |   0.0 |      25 |       0 |   0.0
        D:2 |      72 |      16 |  18.2 |      16 |       7 |  30.4
        D:3 |     146 |      45 |  23.6 |      12 |       6 |  33.3
        D:4 |     432 |       0 |   0.0 |      24 |       0 |   0.0
        D:5 |     636 |       0 |   0.0 |      12 |       0 |   0.0
      Sewer |       0 |     202 | 100.0 |       0 |      25 | 100.0
            +---------+---------+-------+---------+---------+-------
